General information
- name: BNet
- type: Ladder team game (AT/RT)
- host: Battle.net
- saver: TeamCancer
map: GolemsInTheMist
- players: 8
- length: 07:16
- speed: Fast
- version: 1.28 W3XP
- replay type: Public
» download(70 KB)
Players
team 1 (loser)
MrTobi (
orange | 57 APM | 398 actions | 06:58)
2 Tauren Chieftain
1 War Stomp
1 Endurance Aura
» actions
| Assign group hotkey | 24 | |
| Build / train | 30 | |
| Enter build submenu | 10 | |
| Enter hero's abilities submenu | 2 | |
| Remove unit from queue | 2 | |
| Right click | 197 | |
| Select / deselect | 78 | |
| Select group hotkey | 34 | |
| Use ability | 21 | |
398 total
» units
| Peon | 9 | |
| Troll Headhunter/Berserker | 10 | |
19 total
» upgrades
| Melee Weapons | 0 | |
| Ranged Weapons | 1 | |
1 total
» buildings
| Altar of Storms | 1 | |
| Orc Burrow | 4 | |
| War Mill | 1 | |
| Barracks | 2 | |
| Voodoo Lounge | 1 | |
| Stronghold | 2 | |
| Watch Tower | 2 | |
13 total
» build order
00:19 Altar of Storms
00:22 Orc Burrow
01:05 War Mill
01:14 Barracks
02:05 Orc Burrow
02:12 Voodoo Lounge
02:26 Barracks
02:38 Orc Burrow
03:24 Orc Burrow
04:36 Stronghold
04:36 Stronghold
06:11 Watch Tower
06:12 Watch Tower
» items
| Healing Salve | 1 | |
| Scroll of Speed | 1 | |
2 total

»
HellBrokenLoose (
pink | 44 APM | 311 actions | 07:08)
2 Priestess of the Moon
1 Searing Arrows
1 Trueshot Aura
» actions
| Assign group hotkey | 8 | |
| Basic commands | 14 | |
| Build / train | 29 | |
| ESC pressed | 1 | |
| Enter build submenu | 9 | |
| Enter hero's abilities submenu | 3 | |
| Right click | 105 | |
| Select / deselect | 93 | |
| Select group hotkey | 39 | |
| Use ability | 10 | |
311 total
» units
» buildings
| Altar of Elders | 2 | |
| Moon Well | 4 | |
| Ancient of War | 2 | |
| Tree of Ages | 1 | |
9 total
» build order
00:05 Altar of Elders
00:06 Moon Well
00:08 Altar of Elders
01:19 Ancient of War
01:40 Ancient of War
01:48 Moon Well
02:41 Moon Well
04:13 Moon Well
05:06 Tree of Ages
cauliflowerdik (
blue | 37 APM | 268 actions | 07:14)
1 Blademaster
1 Wind Walk
» actions
| Assign group hotkey | 2 | |
| Basic commands | 9 | |
| Build / train | 21 | |
| Enter build submenu | 9 | |
| Enter hero's abilities submenu | 1 | |
| Give item / drop item | 2 | |
| Right click | 124 | |
| Select / deselect | 78 | |
| Select group hotkey | 3 | |
| Use ability | 19 | |
268 total
» units
» upgrades
» buildings
| Altar of Storms | 1 | |
| Orc Burrow | 5 | |
| Barracks | 2 | |
| Voodoo Lounge | 1 | |
| Stronghold | 1 | |
10 total
» build order
00:04 Altar of Storms
00:09 Orc Burrow
01:45 Barracks
01:48 Barracks
01:59 Orc Burrow
02:16 Orc Burrow
03:43 Voodoo Lounge
04:06 Stronghold
04:10 Orc Burrow
05:10 Orc Burrow
» items
| Healing Salve | 1 | |
| Scroll of Speed | 1 | |
2 total
Waffles (
purple | 44 APM | 308 actions | 07:04)
2 Blademaster
1 Wind Walk
1 Critical Strike
» actions
| Assign group hotkey | 2 | |
| Basic commands | 1 | |
| Build / train | 17 | |
| ESC pressed | 2 | |
| Enter build submenu | 4 | |
| Enter hero's abilities submenu | 2 | |
| Right click | 218 | |
| Select / deselect | 53 | |
| Use ability | 9 | |
308 total
» units
» buildings
| Altar of Storms | 1 | |
| Orc Burrow | 2 | |
3 total
» build order
00:05 Altar of Storms
00:08 Orc Burrow
01:25 Orc Burrow
team 2 (winner)

»
Archer1000 (
red | 110 APM | 794 actions | 07:14)
3 Archmage
2 Summon Water Elemental
1 Brilliance Aura
» actions
| Assign group hotkey | 34 | |
| Basic commands | 20 | |
| Build / train | 48 | |
| Enter build submenu | 23 | |
| Enter hero's abilities submenu | 3 | |
| Right click | 305 | |
| Select / deselect | 151 | |
| Select group hotkey | 170 | |
| Use ability | 40 | |
794 total
» units
» upgrades
» buildings
| Farm | 6 | |
| Altar of Kings | 1 | |
| Barracks | 1 | |
| Scout Tower | 7 | |
| Arcane Tower | 2 | |
| Arcane Vault | 1 | |
| Lumber Mill | 1 | |
| Keep | 3 | |
| Blacksmith | 2 | |
| Guard Tower | 5 | |
29 total
» build order
00:06 Farm
00:08 Altar of Kings
00:19 Barracks
01:05 Farm
01:40 Farm
02:09 Scout Tower
02:11 Scout Tower
02:29 Farm
02:48 Arcane Tower
02:48 Arcane Tower
03:13 Arcane Vault
03:31 Lumber Mill
03:43 Scout Tower
04:36 Keep
04:36 Keep
04:36 Keep
04:52 Blacksmith
04:55 Blacksmith
04:58 Guard Tower
04:58 Guard Tower
05:21 Guard Tower
05:22 Guard Tower
05:22 Guard Tower
05:28 Scout Tower
05:29 Scout Tower
05:35 Scout Tower
05:38 Scout Tower
05:50 Farm
06:08 Farm
» items

»
TeamCancer (
green | 32 APM | 234 actions | 07:16)
» actions
| Basic commands | 1 | |
| Build / train | 23 | |
| Enter build submenu | 18 | |
| Right click | 56 | |
| Select / deselect | 103 | |
| Use ability | 33 | |
234 total
» units
» buildings
| Moon Well | 3 | |
| Hunter's Hall | 1 | |
| Ancient of Wonders | 1 | |
| Ancient Protector | 8 | |
| Tree of Life | 1 | |
| Tree of Ages | 1 | |
15 total
» build order
00:13 Moon Well
00:36 Moon Well
01:15 Hunter's Hall
01:40 Moon Well
01:55 Ancient of Wonders
02:23 Ancient Protector
02:45 Ancient Protector
03:26 Ancient Protector
03:28 Ancient Protector
03:45 Ancient Protector
03:48 Ancient Protector
04:57 Tree of Life
05:43 Tree of Ages
05:47 Ancient Protector
05:48 Ancient Protector

»
LeeroyJenkins (
yellow | 41 APM | 294 actions | 07:15)
2 Blood Mage
1 Flame Strike
1 Siphon Mana
» actions
| Assign group hotkey | 6 | |
| Basic commands | 1 | |
| Build / train | 29 | |
| Enter build submenu | 18 | |
| Enter hero's abilities submenu | 2 | |
| Right click | 76 | |
| Select / deselect | 83 | |
| Select group hotkey | 52 | |
| Use ability | 27 | |
294 total
» units
» buildings
| Altar of Kings | 1 | |
| Farm | 7 | |
| Barracks | 1 | |
| Arcane Vault | 1 | |
| Scout Tower | 4 | |
| Arcane Tower | 1 | |
| Lumber Mill | 2 | |
| Keep | 1 | |
| Guard Tower | 1 | |
19 total
» build order
00:30 Altar of Kings
00:43 Farm
01:07 Barracks
01:21 Arcane Vault
01:41 Farm
02:17 Scout Tower
03:08 Arcane Tower
03:29 Farm
03:45 Farm
04:10 Scout Tower
04:32 Farm
05:41 Lumber Mill
06:14 Keep
06:18 Farm
06:20 Farm
06:45 Lumber Mill
06:48 Scout Tower
07:06 Scout Tower
07:12 Guard Tower
» items
| Lesser Clarity Potion | 4 | |
| Mechanical Critter | 2 | |
6 total
Probst (
teal | 71 APM | 512 actions | 07:15)
2 Lich
1 Frost Nova
1 Dark Ritual
» actions
| Assign group hotkey | 12 | |
| Basic commands | 13 | |
| Build / train | 26 | |
| Enter build submenu | 19 | |
| Enter hero's abilities submenu | 2 | |
| Remove unit from queue | 7 | |
| Right click | 286 | |
| Select / deselect | 89 | |
| Select group hotkey | 44 | |
| Use ability | 14 | |
512 total
» units
» upgrades
| Cannibalize | 1 | |
| Creature Attack | 1 | |
| Creature Carapace | 1 | |
3 total
» buildings
| Crypt | 1 | |
| Ziggurat | 5 | |
| Altar of Darkness | 1 | |
| Tomb of Relics | 1 | |
| Nerubian Tower | 2 | |
| Halls of the Dead | 2 | |
| Graveyard | 2 | |
| Sacrificial Pit | 1 | |
| Black Citadel | 1 | |
16 total
» build order
00:15 Crypt
00:18 Ziggurat
00:44 Altar of Darkness
01:16 Ziggurat
01:32 Tomb of Relics
01:44 Nerubian Tower
01:44 Nerubian Tower
02:52 Halls of the Dead
02:52 Halls of the Dead
03:23 Ziggurat
03:42 Graveyard
03:44 Graveyard
04:47 Ziggurat
04:58 Ziggurat
05:25 Sacrificial Pit
06:01 Black Citadel
Chat log
(00:08 / Allies) LeeroyJenkins: they're 3 orc
(00:12 / Allies) LeeroyJenkins: be ready for an early harrass
(00:13 / Allies) Archer1000: will kill
(00:17 / All) Waffles: phew
(00:17 / Allies) Archer1000: they will go bats all game
(00:23 / Allies) LeeroyJenkins: I'll get a blood mage and burn trees fast. Orc suck at getting through the trees
(00:30 / Allies) Archer1000: lol
(00:36 / Allies) LeeroyJenkins: they do...
(00:43 / Allies) Archer1000: yall down to rush?
(00:46 / Allies) LeeroyJenkins: y
(00:50 / Allies) Archer1000: or no
(00:54 / Allies) Probst: sure
(00:58 / Allies) LeeroyJenkins: clear 2 mines asap then rush
(01:25 / Allies) LeeroyJenkins: i'll burn bot too
(02:06 / Allies) LeeroyJenkins: hero red?
(03:23 / Allies) LeeroyJenkins: tower up some for bms
(05:02 / Allies) Archer1000: lmrb pls
(05:12 / Allies) LeeroyJenkins: that's kind of obnoxious green...
(05:15 / Allies) Archer1000: thx
(05:51 / Allies) LeeroyJenkins: green has shit
(05:52 / Allies) LeeroyJenkins: no units
(06:02 / Allies) LeeroyJenkins: and he took the mine........
(06:22 / Allies) Archer1000: tp
(06:29 / Allies) LeeroyJenkins: he's not worth saving
(06:48 / Allies) Archer1000: tp
(07:14 / All) TeamCancer: <--- mvp